AoeStats
← I'm AOE2 Noob

Nomad

505434173Analyzed
4v4 RM · 24d ago on Sep 9, 2026· 43m 2s· 8 players
Game mode
Random Map
Map size
231×231
Population
200
Speed
Normal
Resources
Standard
Victory
Conquest
Starting age
Dark Age
Ending age
Imperial Age
RankedLock teamsTeams togetherTeam positionsShared explorationLock speedFull tech treeHidden civsTurbo modeCheats
Victory
Defeat
🇨🇳 Vietnamese · China
1705
+14
🇨🇳 Tupi · China
1695
+14
🇨🇳 Mapuche · China
1606
+18
🇨🇳 Khitans · China
1569
+19
🇨🇳 Magyars · China
1882
-26
🇨🇦 Vietnamese · Canada
1573
-13
🇦🇹 Berbers · Austria
1572
-13
🇨🇳 Persians · China
1562
-13
Neorise
5:49 Loom
14:13 Feudal Age
14:53 Double-Bit Axe
16:05 Fletching
29:41 Horse Collar
32:49 Wheelbarrow
40:36 Castle Age
40:54 Forging
40:44 Scale Mail Armor
40:45 Crossbowman
裂车长
5:59 Loom
12:56 Feudal Age
13:19 Double-Bit Axe
13:37 Gold Mining
14:05 Fishing Lines
21:28 Castle Age
19:14 Horse Collar
22:10 Medium Warships
21:51 Gillnets
28:23 Town Watch
28:31 Town Watch
29:22 Wheelbarrow
41:22 Imperial Age
42:14 Fletching
maxder
5:17 Loom
13:20 Feudal Age
17:19 Castle Age
15:27 Double-Bit Axe
15:58 Town Watch
18:20 Bow Saw
18:27 Stone Mining
18:34 Horse Collar
21:20 Wheelbarrow
21:35 Fletching
24:32 Gold Mining
30:04 Imperial Age
27:58 Bodkin Arrow
29:34 Hand Cart
29:22 Heavy Plow
30:11 Kasbah
31:45 Bracer
33:27 Conscription
33:13 Padded Archer Armor
34:24 Leather Archer Armor
35:40 Ring Archer Armor
36:11 Chemistry
36:33 Ballistics
39:47 Maghrebi Camels
41:23 Thumb Ring
41:38 Bloodlines
41:28 Husbandry
42:09 Light Cavalry
43:00 Scale Barding Armor
3046964519
9:35 Loom
13:24 Feudal Age
14:17 Double-Bit Axe
17:02 Castle Age
14:59 Gold Mining
15:45 Stone Mining
23:31 Medium Warships
25:58 Bloodlines
28:01 Scale Barding Armor
27:59 Husbandry
27:57 Horse Collar
30:19 Fervor
30:47 Town Watch
31:06 Fletching
32:53 Ballistics
39:15 Wheelbarrow
41:46 Imperial Age
40:07 Bodkin Arrow
40:13 Padded Archer Armor
42:04 Leather Archer Armor
42:38 Hand Cart
43:16 Ring Archer Armor
慕华花繁
6:46 Loom
15:34 Feudal Age
16:18 Double-Bit Axe
19:42 Castle Age
20:46 Medium Warships
21:14 Bow Saw
28:29 Stone Mining
28:29 Gold Mining
28:19 Horse Collar
28:59 Horse Collar
32:58 Wheelbarrow
32:51 Heavy Plow
33:26 Gold Shaft Mining
35:01 Hand Cart
34:31 Town Watch
37:34 Imperial Age
36:00 Scale Mail Armor
36:22 Squires
36:08 Arson
35:43 Champi Runner
36:44 Forging
36:29 Champi Warrior
37:27 Chain Mail Armor
38:13 Caciques
38:53 Iron Casting
39:07 Plate Mail Armor
38:28 Elite Champi Warrior
41:53 Two-Man Saw
41:29 Gold Shaft Mining
40:43 Capped Ram
41:34 Siege Ram
I'm AOE2 Noob
13:44 Feudal Age
13:07 Loom
14:38 Double-Bit Axe
17:30 Castle Age
15:32 Gold Mining
17:16 Horse Collar
17:23 Fishing Lines
18:22 Fletching
18:39 Horse Collar
19:13 Bow Saw
19:41 Padded Archer Armor
19:39 Bodkin Arrow
21:06 Padded Archer Armor
24:38 Gillnets
25:44 Ballistics
25:44 Leather Archer Armor
29:18 Wheelbarrow
28:49 Horse Collar
31:09 Hand Cart
30:39 Town Watch
36:46 Imperial Age
35:20 Gold Shaft Mining
34:36 Stone Mining
36:54 Elite Bolas Rider
38:29 Ring Archer Armor
38:03 Malon
39:06 Conscription
40:01 Hoardings
40:59 Chemistry
41:15 Masonry
42:43 Butalmapu
TS-精锐狐狐
4:44 Loom
14:14 Feudal Age
18:03 Castle Age
16:26 Fletching
18:51 Bodkin Arrow
24:55 Padded Archer Armor
26:53 Double-Bit Axe
34:05 Leather Archer Armor
35:36 Ballistics
Izumi Yuki
3:16 Loom
13:13 Feudal Age
16:05 Fletching
20:32 Double-Bit Axe
26:46 Castle Age
24:41 Domestication
27:31 Bodkin Arrow
28:55 Wheelbarrow
28:15 Guard Tower
29:24 Scale Barding Armor
29:29 Forging
29:31 Bow Saw
30:12 Town Watch
31:08 Pastoralism
32:22 Light Cavalry
33:41 Husbandry
36:11 Hand Cart
40:37 Imperial Age
39:05 Chain Barding Armor
39:22 Iron Casting
39:37 Gold Mining
40:53 Chain Barding Armor
41:05 Scale Mail Armor
41:20 Masonry
40:43 Hussar
42:42 Conscription
43:19 Plate Barding Armor
42:45 Bracer
Connection lost

Rejoining the realm…

Still unreachable

The connection could not be restored.

Session expired

The server has moved on; the page needs a fresh start.